 Dungeon Crawl Stone Soup version 0.28.0-43-g3370ac3207 (webtiles) character file.

Game seed: 14229633186369107127

128 terff the Skirmisher (level 5, -6/41 HPs)
             Began as a Human Fighter on Mar 30, 2022.
             Mangled by a mummy (8 damage)
             ... in an ossuary.
             The game lasted 00:03:51 (1798 turns).

terff the Skirmisher (Human Fighter)                Turns: 1798, Time: 00:03:52

Health: -6/41      AC:  6    Str: 17    XL:     5   Next: 33%
Magic:  5/5        EV:  9    Int:  8    God:
Gold:   65         SH:  5    Dex: 14    Spells: 4/4 levels left

rFire   . . .      SeeInvis .   a - +0 flail
rCold   . . .      Faith    .   c - +0 buckler
rNeg    . . .      Spirit   .   b - +0 scale mail
rPois   .          Reflect  .   (no helmet)
rElec   .          Harm     .   (no cloak)
rCorr   .          Rampage  .   (no gloves)
Will    .....                   (no boots)
Stlth   ..........              f - amulet of magic regeneration
HPRegen 0.13/turn               (no ring)
MPRegen 0.49/turn               (no ring)

@: marked
A: no striking features
a: no special abilities


You were in an ossuary.
You visited 1 branch of the dungeon, and saw 3 of its levels.
You also visited: Ossuary.

You collected 65 gold pieces.

Inventory:

Hand Weapons
 a - a +0 flail (weapon)
Armour
 b - a +0 scale mail (worn)
 c - a +0 buckler (worn)
Jewellery
 f - an amulet of magic regeneration (around neck)
Potions
 e - a potion of berserk rage
 h - a potion of curing {unknown}


   Skills:
 + Level 3.6 Fighting
 + Level 3.2 Maces & Flails
 + Level 3.6 Armour
 + Level 1.3 Dodging
 + Level 3.6 Shields


You had 4 spell levels left.
You didn't know any spells.
Your spell library was empty.

Dungeon Overview and Level Annotations

Branches:
Dungeon (4/15)            Ossuary (1/1)
 Temple: D:4-7

Altars:
The Shining One


Message History

The gnoll zombie is almost destroyed.
The gnoll zombie hits you.
You hit the gnoll zombie but do no damage.
The gnoll zombie is almost destroyed.
The gnoll zombie hits you but does no damage.
You hit the gnoll zombie.
You destroy the gnoll zombie!
You sock the orc skeleton!
You destroy the orc skeleton!
A mummy, 2 hobgoblin skeletons and a rat zombie come into view.
The rat zombie sets off the alarm!
The alarm trap emits a blaring wail!
The mark upon you grows brighter. You block the mummy's attack.
You hit the mummy but do no damage.
The rat zombie bites you but does no damage.
The mummy barely misses you.
You hit the mummy.
The mummy is moderately damaged.
You block the rat zombie's attack.
A mummy comes into view.
You hit the mummy.
The mummy is moderately damaged.
The mummy hits you but does no damage. The rat zombie closely misses you.
You barely miss the mummy.
The mummy is moderately damaged.
The mummy hits you! The rat zombie closely misses you.
You hit the mummy but do no damage.
The mummy is moderately damaged.
You block the rat zombie's attack. The mummy hits you!
You completely miss the mummy.
The mummy is moderately damaged.
The rat zombie closely misses you.
You hit the mummy.
The mummy is severely damaged.
The mummy hits you!
* * * LOW HITPOINT WARNING * * *
The rat zombie barely misses you. The mummy hits you!
You die...

.##..##..## ..##..##..##
#..##..##..## #..##..##..##
#.M##..##..## #.Z##..##..##
#ZZ##..##..## #M.##..##..##
################@.##..##..##
...................##..##..##
######################..##..##
.........................##∩∩#
##############################


You could see 2 mummies, a rat zombie and 2 hobgoblin skeletons.

Vanquished Creatures
  A jelly (D:4)
  A mummy (D:4)
  3 dart slugs
  An orc (D:4)
  4 ball pythons (D:1)
  3 endoplasms
  3 giant cockroaches (D:1)
  6 gnoll zombies (Ossuary)
  4 goblins (D:1)
  9 hobgoblins
  4 kobolds
  2 quokkas (D:1)
  4 bats (D:1)
  2 gnoll skeletons (Ossuary)
  2 goblin skeletons (Ossuary)
  2 hobgoblin skeletons (Ossuary)
  7 hobgoblin zombies
  A kobold skeleton (Ossuary)
  A kobold zombie (Ossuary)
  8 orc skeletons (Ossuary)
  3 orc zombies (Ossuary)
  5 rats (D:1)
  4 rat skeletons (Ossuary)
  2 rat zombies (Ossuary)
82 creatures vanquished.

Notes
Turn   | Place    | Note
-------+----------+-------------------------------------------
     0 | D:1      | terff the Human Fighter began the quest for the Orb.
     0 | D:1      | Reached XP level 1. HP: 18/18 MP: 1/1
   175 | D:1      | Reached XP level 2. HP: 23/24 MP: 2/2
   501 | D:1      | Reached XP level 3. HP: 27/29 MP: 3/3
  1300 | D:2      | Reached XP level 4. HP: 35/35 MP: 4/4
  1358 | D:2      | You fall into a shaft and drop 2 floors!
  1360 | D:4      | Found a glowing golden altar of the Shining One.
  1363 | D:4      | Reached skill level 1 in Dodging
  1396 | D:4      | Found a sand-covered staircase.
  1401 | D:4      | Reached XP level 5. HP: 30/41 MP: 5/5
  1404 | Ossuary  | Entered an ossuary
  1797 | Ossuary  | HP: 2/41 [mummy (16)]
  1798 | Ossuary  | Mangled by a mummy

Illustrated notes

Levels and vault maps discovered:
D:1:      pf_arrival_petrified_forest, layout_basic,
          hangedman_decor_clover_reticule, minmay_bisected
D:2:      layout_basic, hellmonk_ecumenical_altar_lost_god, uniq_sigmund
D:4:      layout_basic, nicolae_overflow_hidden_temple,
          nicolae_ossuary_entry_giza, uniq_natasha
Ossuary:  ossuary_due_pyramid

Skill      XL: |  1  2  3  4  5 |
---------------+----------------+-----
Dodging        | 1 |  1.3
Maces & Flails | 3 |  3.2
Fighting       | |  3.6
Armour         | |  3.6
Shields        | |  3.6

Action                   |  1- 3 |  4- 6 || total
-------------------------+-------+-------++-------
Melee: Flail             |   108 |   129 ||   237
  Use: Scroll            |     2 |       ||     2
       Potion            |       |     1 ||     1
Armor: Scale mail        |    61 |    58 ||   119
Dodge: Dodged            |    60 |    49 ||   109
Block: Buckler           |    35 |    28 ||    63
